 Dungeon Crawl Stone Soup version 0.28-a0-683-ga8797d1ae1 (webtiles) character file.

Game seed: 1825734043039456905

357 mordus the Shield-Bearer (level 6, 0/47 HPs)
             Began as a Formicid Fighter on Oct 18, 2021.
             Slain by Edmund (5 damage)
             ... on level 3 of the Dungeon.
             The game lasted 00:09:44 (3464 turns).

mordus the Shield-Bearer (Formicid Fighter)         Turns: 3464, Time: 00:09:44

Health: 0/47       AC:  8    Str: 23    XL:     6   Next: 96%
Magic:  6/6        EV:  9    Int: 11    God:
Gold:   157        SH:  5    Dex: 10    Spells: 5/5 levels left

rFire   + . .      SeeInvis +   a - +0 flail
rCold   . . .      Faith    .   c - +0 buckler
rNeg    . . .      Spirit   .   b - +1 scale mail
rPois   +          Reflect  .   (helmet unavailable)
rElec   +          Harm     .   (no cloak)
rCorr   .          Rampage  .   (no gloves)
Will    +....                   (no boots)
Stlth   ..........              (no amulet)
HPRegen 0.15/turn               k - ring of protection from fire
MPRegen 0.10/turn               e - ring of Extu {rElec rPois Will+ Int+4}

@: mighty
A: permanent stasis, dig shafts and tunnels, antennae 3, four strong arms
a: Dig, Shaft Self


You were on level 3 of the Dungeon.
You visited 1 branch of the dungeon, and saw 4 of its levels.

You collected 157 gold pieces.

Inventory:

Hand Weapons
 a - a +0 flail (weapon)
 o - a +3 club
Armour
 b - a +1 scale mail (worn)
 c - a +0 buckler (worn)
Jewellery
 e - the ring of Extu (right hand) {rElec rPois Will+ Int+4}
   (You acquired it on level 3 of the Dungeon)

   [ring of willpower]

   Int:       It affects your intelligence (+4).
   rElec:     It insulates you from electricity.
   rPois:     It protects you from poison.
   Will:      It increases your willpower.
 k - a ring of protection from fire (left hand)
 n - a ring of fire
Scrolls
 m - a scroll of enchant armour
Potions
 h - 3 potions of lignification


   Skills:
 - Level 3.2 Fighting
 * Level 5.0 Maces & Flails
 + Level 4.9 Armour
 + Level 5.2 Shields


You had 5 spell levels left.
You didn't know any spells.
Your spell library was empty.

Dungeon Overview and Level Annotations

Branches:
Dungeon (4/15)
 Temple: D:4-7

Altars:
Uskayaw

Shops:
D:1 ((**

Annotations:
D:3 Edmund


Innate Abilities, Weirdness & Mutations

You cannot be hasted, slowed, berserked, paralysed or teleported.
You can dig through walls and to a lower floor.
You have a pair of large antennae on your head. (SInv)
Your four strong arms can wield two-handed weapons with a shield.


Message History

There is a stone staircase leading down, spattered with blood here.
Things that are here:
a +0 ring mail; a +0 rapier Edmund gestures with his flail.
It was a potion of haste.
Your stasis prevents you from being hasted.
Edmund barely misses you.
You feel very mighty all of a sudden. Edmund barely misses you.
You closely miss Edmund. Edmund barely misses you.
You barely miss Edmund.
Edmund hits you with a +2 flail of venom!
You closely miss Edmund.
Edmund hits you with a +2 flail of venom.
You closely miss Edmund.
Edmund hits you with a +2 flail of venom.
You are poisoned.
You closely miss Edmund.
You feel very sick. Edmund barely misses you.
You closely miss Edmund.
You feel sick. Edmund hits you but does no damage.
Edmund hits you with a +2 flail of venom.
* * * LOW HITPOINT WARNING * * *
You hit Edmund.
Edmund is lightly wounded.
You feel sick. You block Edmund's attack.
You thump Edmund!
Edmund is moderately wounded.
You feel sick. You block Edmund's attack.
You bludgeon Edmund!!
Edmund is severely wounded.
You feel sick.
Edmund hits you with a +2 flail of venom.
* * * LOW HITPOINT WARNING * * *
You hit Edmund.
Edmund is severely wounded.
You feel sick.
You are no longer poisoned.
Edmund hits you with a +2 flail of venom.
You die...

######### #########
.#......# #...@@..#
.#.####.## #.#####.#
.#.......####.#####.#
.†....#......>...##.#
.#..#.....#.#[##.##.#
.#..###.....#.##.##.#
.#.......####.......#
###......## ###...###
..........# #....#


You could see Edmund.

Vanquished Creatures
  Duvessa (D:3)
  Dowan (D:4)
  An iguana (D:4)
  Natasha (D:3)
  Robin (D:2)
  5 adders
  4 dart slugs
  4 orcs (D:3)
  4 bats
  4 endoplasms
  3 giant cockroaches
  14 goblins
  7 hobgoblins
  4 jackals
  4 quokkas
  10 ball pythons
  8 frilled lizards
  8 kobolds
  5 rats
89 creatures vanquished.

Vanquished Creatures (others)
  52 plants (D:1)
52 creatures vanquished.

Grand Total: 141 creatures vanquished

Notes
Turn   | Place    | Note
-------+----------+-------------------------------------------
     0 | D:1      | mordus the Formicid Fighter began the quest for the Orb.
     0 | D:1      | Reached XP level 1. HP: 18/18 MP: 1/1
    73 | D:1      | Reached XP level 2. HP: 24/24 MP: 2/2
   122 | D:1      | Found Dac Buk's Antique Weapon Shoppe.
   474 | D:1      | Found Huunube's General Store.
   487 | D:1      | Reached XP level 3. HP: 28/29 MP: 3/3
   586 | D:1      | Found Qut Eng's General Store.
   707 | D:1      | Found Ylaibad's Weapon Emporium.
  1072 | D:2      | Reached XP level 4. HP: 31/35 MP: 4/4
  1088 | D:2      | Noticed Robin
  1097 | D:2      | Killed Robin
  1546 | D:2      | Reached XP level 5. HP: 36/41 MP: 5/5
  1914 | D:3      | Found a hide-covered altar of Uskayaw.
  2175 | D:3      | Identified a scroll of acquirement
  2175 | D:3      | Acquired the ring of Extu {rElec rPois Will+ Int+4}
  2646 | D:3      | Noticed Natasha
  2651 | D:3      | Killed Natasha
  2830 | D:4      | Noticed Dowan
  2841 | D:4      | Killed Dowan
  2841 | D:4      | Noticed Duvessa
  2842 | D:4      | Reached XP level 6. HP: 32/47 MP: 6/6
  2951 | D:3      | Killed Duvessa
  2952 | D:3      | Reached skill level 5 in Shields
  3155 | D:4      | Reached skill level 5 in Maces & Flails
  3399 | D:4      | Noticed Edmund
  3464 | D:3      | Slain by Edmund

Illustrated notes

Levels and vault maps discovered:
D:1:      roderic_crop_circles_arrival_large, layout_loops_ring, serial_shops,
          nicolae_shop_stone, nicolae_diamond_shop, nicolae_square_shop, shop
D:2:      layout_loops_cross, uniq_robin
D:3:      minmay_skewed_foursquare, layout_loops_cross,
          overflow_temple_1_default, minmay_bisected, uniq_natasha
D:4:      layout_loops_ring, uniq_purgy, uniq_edmund, uniq_duvessa

Skill      XL: |  1  2  3  4  5  6 |
---------------+-------------------+-----
Shields        | 4 5 |  5.2
Maces & Flails | 3 4 5 |  5.0
Armour         | 4 |  4.9
Fighting       | |  3.2

Action                   |  1- 3 |  4- 6 || total
-------------------------+-------+-------++-------
Melee: Flail             |    85 |   200 ||   285
  Use: Scroll            |       |     6 ||     6
       Potion            |       |     3 ||     3
Armor: Scale mail        |    46 |    82 ||   128
Dodge: Dodged            |    42 |    87 ||   129
Block: Buckler           |    25 |    49 ||    74

Table legend: (Time is in decaauts)
 A = Elapsed time spent in this place.
 B = Non-inter-level travel time spent in this place.
 C = Inter-level travel time spent in this place.
 D = Time resting spent in this place.
 E = Time spent auto-exploring this place.
 F = Levels seen in this place.
 G = Mean time per level.
                   A        B        C        D        E       F      G
               +--------+--------+--------+--------+--------+-----+--------+
         Total |   3529 |   3444 |     85 |    642 |   2037 |   4 |  882.2 |
       Dungeon |   3529 |   3444 |     85 |    642 |   2037 |   4 |  882.2 |
               +--------+--------+--------+--------+--------+-----+--------+

Top non-repeatable levels by time:
     D:3: 1680 daAuts
     D:2: 904 daAuts
     D:1: 850 daAuts
     D:4: 93 daAuts
